 Dungeon Crawl Stone Soup version 0.31-a0-237-g2d982f9f85 (webtiles) character file.

Game seed: 720175273912056618

644 garrulousMonolith the Digger (level 7, 0/51 HPs)
             Began as a Gnoll Earth Elementalist on July 11, 2023.
             Was an Initiate of Ashenzari.
             Succumbed to a scorpion's poison
             ... on level 5 of the Dungeon.
             The game lasted 00:06:10 (3867 turns).

garrulousMonolith the Digger (GnEE)                 Turns: 3867, Time: 00:06:11

Health: 0/51       AC:  8    Str:  7    XL:     7   Next: 52%
Magic:  7/15       EV: 13    Int: 17    God:    Ashenzari [......]
Gold:   145        SH:  0    Dex: 12    Spells: 5/17 levels left

rFire   . . .        k - +2 dagger (venom)
rCold   . . .        (no shield)
rNeg    + . .        a - +0 robe
rPois   .            t - +2 helmet
rElec   .            f - +1 cloak
rCorr   .            (no gloves)
SInv    .            d - +0 pair of boots
Will    .....        o - amulet of magic regeneration
Stlth   +++          h - ring of flight
HPRegen 0.28/turn    m - ring of positive energy
MPRegen 0.54/turn

%: no passive effects
@: lethally poisoned (0 -> -1), flying, hasted, very quick
A: fangs 1, strong nose, distributed training
a: Renounce Religion, Curse Item


You were on level 5 of the Dungeon.
You worshipped Ashenzari.
Ashenzari was noncommittal.
You visited 2 branches of the dungeon, and saw 6 of its levels.

You collected 145 gold pieces.

Inventory:

Hand Weapons
 k - a +2 dagger of venom (weapon)
 l - a +2 falchion of holy wrath
Missiles
 q - 4 curare-tipped darts
Armour
 a - a +0 robe (worn)
 d - a +0 pair of boots (worn)
 f - a +1 cloak (worn)
 t - a +2 helmet (worn)
Jewellery
 h - a ring of flight (left hand)
 m - a ring of positive energy (right hand)
 o - an amulet of magic regeneration (around neck)
 v - a ring of resist corrosion
Scrolls
 c - a scroll of teleportation
 g - a scroll of vulnerability {unknown}
 i - 2 scrolls of enchant armour {unknown}
 j - a scroll of immolation {unknown}
 p - a scroll of fear
 s - a scroll of poison {unknown}
Potions
 b - a potion of magic
 e - 3 potions of attraction
 n - a potion of lignification
 r - a potion of cancellation


   Skills:
 + Level 2.6 Fighting
 + Level 2.6 Short Blades
 + Level 2.6 Long Blades
 + Level 2.6 Axes
 + Level 2.6 Maces & Flails
 + Level 2.6 Polearms
 + Level 2.6 Staves
 + Level 2.6 Ranged Weapons
 + Level 2.6 Throwing
 + Level 2.6 Armour
 + Level 5.3 Dodging
 + Level 5.0 Stealth
 + Level 2.6 Shields
 + Level 2.6 Unarmed Combat
 + Level 5.7 Spellcasting
 + Level 2.1 Conjurations
 + Level 2.1 Hexes
 + Level 2.1 Summonings
 + Level 2.1 Necromancy
 + Level 2.1 Translocations
 + Level 3.1 Transmutations
 + Level 2.1 Fire Magic
 + Level 2.1 Ice Magic
 + Level 2.1 Air Magic
 + Level 5.9 Earth Magic
 + Level 2.1 Poison Magic
 + Level 2.9 Invocations
 + Level 2.6 Evocations


You had 5 spell levels left.
You knew the following spells:

 Your Spells              Type           Power      Damage    Failure   Level
a - Sandblast             Erth           48%        2d12      1%          1
b - Stone Arrow           Conj/Erth      36%        3d9       8%          3
c - Passwall              Tmut/Erth      16%        N/A       3%          2
d - Poisonous Vapours     Pois/Air       24%        N/A       9%          2
e - Summon Lightning Spi  Summ/Air       12%        N/A       47%         4

Your spell library contained the following spells:

 Spells                   Type           Power      Damage    Failure   Level
 Call Canine Familiar     Summ           12%        N/A       16%         3
 Mephitic Cloud           Conj/Pois/Air  12%        N/A       16%         3
 Vampiric Draining        Necr           12%        2d6       16%         3
 Petrify                  Tmut/Erth      20%        N/A       21%         4
 Freezing Cloud           Conj/Ice/Air   6%         6-21      83%         5


Dungeon Overview and Level Annotations

Branches:
Dungeon (5/15)             Temple (1/1) D:4

Altars:
Ashenzari
Cheibriados
Fedhas
Hepliaklqana
Kikubaaqudgha
Makhleb
Okawaru
Qazlal
Ru
Sif Muna
Trog
Vehumet
Wu Jian
Xom
Yredelemnul
Zin
The Shining One

Annotations:
D:4 2 transporters, reriks's ghost, amateur DEFE


Innate Abilities, Weirdness & Mutations

You have very sharp teeth.
Your uncanny sense of smell can sniff out nearby items.
Your experience applies equally to all skills.


Message History

The scorpion poisons you!
You feel sick.
Casting: Sandblast (safe; 1% risk of failure)
Confirm with . or Enter, or press ? or * to list all spells.
Aiming: Sandblast (safe; 1% risk of failure)
Press: ? - help, Shift-Dir - straight line, f - scorpion
Aim: a scorpion (83% to hit)
The blast of sand hits the scorpion!
The scorpion is heavily wounded.
You feel very sick.
The scorpion stings you but does no damage.
The scorpion closely misses you. The orc warrior barely misses you.
Casting: Sandblast (safe; 1% risk of failure)
Confirm with . or Enter, or press ? or * to list all spells.
Aiming: Poisonous Vapours (safe; 9% risk of failure)
Press: ? - help, Dir - move target, f/p - scorpion
Aim: a scorpion (heavily wounded) Poisonous vapours surround the scorpion!
The scorpion is poisoned.
You feel sick. The scorpion misses you.
The orc warrior hits you from afar with a +0 halberd.
An ogre comes into view. It is wielding a +0 giant club.
Casting: Poisonous Vapours (safe; 9% risk of failure)
Confirm with . or Enter, or press ? or * to list all spells.
Aiming: Sandblast (safe; 1% risk of failure)
Press: ? - help, Shift-Dir - straight line, f/p - scorpion
Aim: a scorpion (severely wounded, poisoned, 83% to hit)
The blast of sand hits the scorpion.
The scorpion is severely wounded.
You feel sick.
You kill the scorpion!
The orc warrior hits you from afar with a +0 halberd!
* * * LOW HITPOINT WARNING * * *
Your Stealth skill increases to level 5!
It was a potion of cancellation.
You feel magically purged.
You feel sick.
The orc warrior hits you from afar with a +0 halberd.
* * * LOW HITPOINT WARNING * * *
It was a potion of haste.
You feel yourself speed up.
* * * LOW HITPOINT WARNING * * *
You feel sick. The orc warrior closely misses you.
You die...

###########
###.........##
#.............
#o#.@.......#
#oo#.........#
.>.##.........#
.O.# #.........#
..... #.........#
..<..###.........#
............######
#+#.######.####
#.#.##........#


There were no monsters in sight!

Vanquished Creatures
  A phantom (D:4)
  2 scorpions
  A gnoll bouda (D:4)
  A hound (D:4)
  A sleepcap (D:4)
  3 iguanas
  An orc wizard (D:3)
  9 gnolls
  6 adders
  A shadow imp (D:5)
  2 ufetubi
  5 worms
  3 dart slugs
  7 orcs
  4 endoplasms
  2 giant cockroaches
  11 goblins
  4 hobgoblins
  2 jackals (D:4)
  10 kobolds
  7 ball pythons
  7 bats
  A frilled lizard (D:1)
  8 rats
99 creatures vanquished.

Notes
Turn   | Place    | Note
-------+----------+-------------------------------------------
     0 | D:1      | garrulousMonolith the Gnoll Earth Elementalist began the
                  | quest for the Orb.
     0 | D:1      | Reached XP level 1. HP: 13/13 MP: 6/6
   192 | D:1      | Reached XP level 2. HP: 19/19 MP: 4/7
   231 | D:1      | Learned a level 2 spell: Passwall
   419 | D:1      | You fall into a shaft and drop 1 floor!
   584 | D:2      | Reached skill level 5 in Spellcasting
   584 | D:2      | Reached XP level 3. HP: 25/25 MP: 6/9
   588 | D:2      | Learned a level 3 spell: Stone Arrow
  1022 | D:1      | Reached skill level 1 in Invocations
  1304 | D:2      | Learned a level 2 spell: Poisonous Vapours
  1342 | D:2      | Reached skill level 1 in Fighting
  1342 | D:2      | Reached skill level 1 in Short Blades
  1342 | D:2      | Reached skill level 1 in Long Blades
  1342 | D:2      | Reached skill level 1 in Axes
  1342 | D:2      | Reached skill level 1 in Maces & Flails
  1342 | D:2      | Reached skill level 1 in Polearms
  1342 | D:2      | Reached skill level 1 in Staves
  1342 | D:2      | Reached skill level 1 in Ranged Weapons
  1342 | D:2      | Reached skill level 1 in Throwing
  1342 | D:2      | Reached skill level 1 in Armour
  1342 | D:2      | Reached skill level 1 in Shields
  1342 | D:2      | Reached skill level 1 in Unarmed Combat
  1342 | D:2      | Reached skill level 1 in Evocations
  1402 | D:2      | Reached XP level 4. HP: 32/32 MP: 9/11
  1938 | D:3      | Reached skill level 1 in Conjurations
  1938 | D:3      | Reached skill level 1 in Hexes
  1938 | D:3      | Reached skill level 1 in Summonings
  1938 | D:3      | Reached skill level 1 in Necromancy
  1938 | D:3      | Reached skill level 1 in Translocations
  1938 | D:3      | Reached skill level 1 in Fire Magic
  1938 | D:3      | Reached skill level 1 in Ice Magic
  1938 | D:3      | Reached skill level 1 in Air Magic
  1938 | D:3      | Reached skill level 1 in Poison Magic
  2229 | D:3      | Reached XP level 5. HP: 27/37 MP: 10/12
  2551 | D:4      | Found a staircase to the Ecumenical Temple.
  2566 | Temple   | Entered the Ecumenical Temple
  2583 | Temple   | Became a worshipper of Ashenzari the Shackled
  2900 | D:4      | Found a transporter.
  2909 | D:4      | Noticed reriks's ghost (amateur DEFE)
  2922 | D:4      | Identified the +7 spear of the Vendetta {venom, rC+ Int+4}
  3057 | D:4      | Found a transporter.
  3108 | D:4      | Reached skill level 5 in Dodging
  3108 | D:4      | Reached XP level 6. HP: 44/44 MP: 12/14
  3453 | D:4      | Reached XP level 7. HP: 50/50 MP: 11/15
  3701 | D:5      | Entered Level 5 of the Dungeon
  3712 | D:5      | Got the Catalogue of the Horrible Swarm
  3724 | D:5      | Learned a level 4 spell: Summon Lightning Spire
  3865 | D:5      | Reached skill level 5 in Stealth
  3865 | D:5      | HP: 1/51 [orc warrior/+0 halberd (3)]
  3867 | D:5      | Succumbed to a scorpion's poison

Illustrated notes

Levels and vault maps discovered:
D:1:      amcnicky_arrival_flooded_fountain, layout_loops_ring, serial_forest,
          infiniplex_forest_lined_2, infiniplex_forest_clump_diagonal,
          infiniplex_forest_clump_curved, infiniplex_forest_corner_2,
          infiniplex_forest_clump_long
D:2:      layout_basic
D:3:      layout_rooms
D:4:      layout_loops_ring, minmay_temple_entry_stoned_glass,
          gammafunk_ghost_gnarly_gnolls
D:5:      layout_basic, solitary_fountain, uniq_prince_ribbit1
Temple:   bh_familiar_temple

Skill      XL: |  1  2  3  4  5  6  7 |
---------------+----------------------+-----
Transmutations | 2 3 |  3.1
Spellcasting   | 5 |  5.7
Invocations    | 1 2 |  2.9
Fighting       | 1 2 |  2.6
Short Blades   | 1 2 |  2.6
Long Blades    | 1 2 |  2.6
Axes           | 1 2 |  2.6
Maces & Flails | 1 2 |  2.6
Polearms       | 1 2 |  2.6
Staves         | 1 2 |  2.6
Ranged Weapons | 1 2 |  2.6
Throwing       | 1 2 |  2.6
Armour         | 1 2 |  2.6
Shields        | 1 2 |  2.6
Unarmed Combat | 1 2 |  2.6
Evocations     | 1 2 |  2.6
Conjurations   | 1 2 |  2.1
Hexes          | 1 2 |  2.1
Summonings     | 1 2 |  2.1
Necromancy     | 1 2 |  2.1
Translocations | 1 2 |  2.1
Fire Magic     | 1 2 |  2.1
Ice Magic      | 1 2 |  2.1
Air Magic      | 1 2 |  2.1
Poison Magic   | 1 2 |  2.1
Dodging        | 5 |  5.3
Stealth        | 5 |  5.0
Earth Magic    | |  5.9

Action                     |  1- 3 |  4- 6 |  7- 9 || total
---------------------------+-------+-------+-------++-------
  Melee: Dagger            |     2 |     1 |       ||     3
   Cast: Sandblast         |    48 |    77 |    21 ||   146
         Stone Arrow       |       |    13 |     9 ||    22
         Poisonous Vapours |       |       |     8 ||     8
    Use: Scroll            |       |       |     4 ||     4
         Potion            |       |       |     2 ||     2
 Armour: Robe              |     3 |    10 |     5 ||    18
  Dodge: Dodged            |     6 |    27 |    16 ||    49

Table legend: (Time is in decaauts)
 A = Elapsed time spent in this place.
 B = Non-inter-level travel time spent in this place.
 C = Inter-level travel time spent in this place.
 D = Time resting spent in this place.
 E = Time spent auto-exploring this place.
 F = Levels seen in this place.
 G = Mean time per level.
                   A        B        C        D        E       F      G
               +--------+--------+--------+--------+--------+-----+--------+
         Total |   3937 |   3810 |    127 |    227 |   2876 |   6 |  656.2 |
       Dungeon |   3738 |   3631 |    107 |    227 |   2707 |   5 |  747.6 |
        Temple |    199 |    179 |     20 |      0 |    169 |   1 |  199.0 |
               +--------+--------+--------+--------+--------+-----+--------+

Top non-repeatable levels by time:
     D:1: 1002 daAuts
     D:4: 975 daAuts
     D:2: 957 daAuts
     D:3: 631 daAuts
  Temple: 199 daAuts
     D:5: 171 daAuts
